 Dungeon Sprint DCSS version 0.21-a0-104-g7b58145 (webtiles) character file.

1740 Kidiri the Thaumaturge (level 8, -6/50 HPs)
             Began as a Deep Elf Fire Elementalist on July 5, 2017.
             Was a Priest of Vehumet.
             Mangled by a redback (10 damage)
             ... in the Dungeon (Sprint III: "The Ten Rune Challenge").
             The game lasted 00:06:01 (1116 turns).

Kidiri the Thaumaturge (Deep Elf Fire Elementalist) Turns: 1116, Time: 00:06:03

Health: -6/50      AC:  2    Str:  7    XL:     8   Next: 77%
Magic:  18/26      EV: 18    Int: 25    God:    Vehumet [***...]
Gold:   37         SH:  0    Dex: 17    Spells: 11/32 levels left

rFire    . . .     SeeInvis .   k - +2 dagger (drain)
rCold    . . .     Gourm    .   (no shield)
rNeg     . . .     Faith    .   a - +0 robe
rPois    +         Spirit   .   (no helmet)
rElec    .         Reflect  .   (no cloak)
rCorr    .         Harm     .   (no gloves)
MR       .....     NoTele   +   (no boots)
Stlth    +++.......             (no amulet)
HPRegen  0.16/turn              (no ring)
MPRegen  0.20/turn              (no ring)

@: lethally poisoned (-6 -> -39)
A: thin skeletal structure 1, clever 1, poison resistance, screaming 1, strong 1
a: Renounce Religion


You were in the Dungeon.
You worshipped Vehumet.
Vehumet was most pleased with you.
You were not hungry.

You visited 1 branch You collected 37 gold pieces.

Inventory:

Hand Weapons
 k - a +2 dagger of draining (weapon)
Armour
 a - a +0 robe (worn)
Wands
 b - a wand of paralysis (18/24)
Scrolls
 i - a scroll of blinking
 m - a scroll of holy word {unknown}
 n - a scroll of identify {unknown}
 o - 3 scrolls of remove curse
 r - a scroll of immolation {unknown}
 s - a scroll of random uselessness {unknown}
Potions
 d - 2 potions of curing
 e - a potion of heal wounds
 f - 2 potions of haste
 g - 2 potions of magic
 h - a potion of berserk rage
 q - a potion of lignification {unknown}
 t - a potion of ambrosia {unknown}
Comestibles
 c - a bread ration
 j - 6 chunks of flesh
 p - 2 royal jellies


   Skills:
 + Level 5.4 Fighting
 + Level 6.2 Short Blades
 + Level 5.6 Armour
 + Level 8.3 Dodging
 - Level 2.4 Stealth
 * Level 12.6 Spellcasting
 + Level 7.4 Conjurations
 + Level 8.0 Fire Magic
 + Level 3.6 Air Magic
 + Level 4.2 Poison Magic


You had 11 spell levels left.
You knew the following spells:

 Your Spells              Type           Power        Failure   Level  Hunger
a - Flame Tongue          Conj/Fire      #####        1%          1    None
b - Throw Flame           Conj/Fire      ######       1%          2    None
c - Conjure Flame         Conj/Fire      ######..     1%          3    None
d - Inner Flame           Hex/Fire       #####...     1%          3    None
e - Sticky Flame          Conj/Fire      ######..     1%          4    None
f - Fireball              Conj/Fire      ######....   1%          5    ###....
g - Mephitic Cloud        Conj/Pois/Air  #####...     1%          3    None


Dungeon Overview and Level Annotations

Branches:
Dungeon (1/1)

Altars:
Cheibriados
Dithmenos
Elyvilon
Fedhas
Gozag
Hepliaklqana
Kikubaaqudgha
Makhleb
Nemelex Xobeh
Okawaru
Qazlal
Ru
Sif Muna
Trog
Uskayaw
Vehumet
Wu Jian
Xom
Yredelemnul
Zin
The Shining One
Beogh
Jiyva
Lugonu

Annotations:
D exclusion: door, Erolcha


Innate Abilities, Weirdness & Mutations

You have a somewhat thin skeletal structure. (Dex +2, Stealth)
Your mind is acute. (Int +2)
Your system is resistant to poisons. (rPois)
You occasionally shout uncontrollably at your foes.
Your muscles are strong. (Str +2)


Message History

Aim: a redback (noxious fumes, clinging)
The flame tongue hits the redback.
The redback is heavily wounded.
The redback is engulfed in noxious fumes. x2
The redback bites you!
* * * LOW HITPOINT WARNING * * *
You are lethally poisoned!
The redback poisons you!
Casting: Flame Tongue
Confirm with . or Enter, or press ? or * to list all spells.
Aiming: Sticky Flame
Press: ? - help, Shift-Dir - straight line, f/p - redback
Aim: a redback (heavily wounded, clinging)
The sticky flame hits the redback.
The redback is almost dead.
The redback is covered in liquid flames!
* * * LOW HITPOINT WARNING * * *
You feel very sick.
The redback burns!
The redback bites you!
You die...

##### _#__# )#%_#
##+## ....# ....#
###'#
#...#+##############
#...#)...#.#.#..@s.#
#...##.#).#.##)###§#
#...'##.#.#.##.# #
+...#...#..#..##
▓▓▓▓▓▓▓▓▓▓▓▓▓▓▓


You could see a redback (burning).

Vanquished Creatures
  A deep elf mage (D)
  A shadow (D)
  A spatial vortex (D)
  A necrophage (D)
  4 two-headed ogres (D)
  A water elemental (D)
  A jelly (D)
  A wizard (D)
  Jessica (D)
  A necromancer (D)
  3 humans (D)
  A kobold demonologist (D)
  A wolf (D)
  An ooze (D)
  2 rats (D)
21 creatures vanquished.

Vanquished Creatures (others)
  2 draconian scorchers (D)
  2 yaktaurs (D)
  6 hellions (D)
  3 plants (D)
13 creatures vanquished.

Grand Total: 34 creatures vanquished

Notes
Turn   | Place    | Note
-------+----------+-------------------------------------------
     0 | D        | Kidiri the Deep Elf Fire Elementalist began the quest for the Orb.
     0 | D        | Reached XP level 1. HP: 10/10 MP: 6/6
    43 | D        | Reached skill level 4 in Spellcasting
    53 | D        | Noticed Jessica
    55 | D        | Killed Jessica
    55 | D        | Reached skill level 1 in Fighting
    55 | D        | Reached skill level 1 in Armour
    55 | D        | Reached skill level 5 in Spellcasting
    55 | D        | Reached XP level 2. HP: 16/16 MP: 6/10
    55 | D        | Reached XP level 3. HP: 20/20 MP: 6/11
    59 | D        | Learned a level 2 spell: Throw Flame
    69 | D        | Learned a level 3 spell: Conjure Flame
    73 | D        | Learned a level 3 spell: Inner Flame
    79 | D        | Killed a hellion
    81 | D        | Killed a hellion
    81 | D        | Killed a hellion
   110 | D        | Killed a hellion
   112 | D        | Killed a hellion
   114 | D        | Killed a yaktaur
   163 | D        | Killed a white draconian scorcher
   174 | D        | Reached skill level 1 in Short Blades
   174 | D        | Reached skill level 6 in Spellcasting
   194 | D        | Gained mutation: You tend to lose your temper in combat. [potion of mutation]
   194 | D        | Gained mutation: You are partially covered in thin metallic scales. (AC +2) [potion of mutation]
   194 | D        | Gained mutation: You are resistant to hostile enchantments. (MR+) [potion of mutation]
   195 | D        | Lost mutation: You tend to lose your temper in combat. [potion of mutation]
   195 | D        | Lost mutation: You are partially covered in thin metallic scales. (AC +2) [potion of mutation]
   195 | D        | Lost mutation: You are resistant to hostile enchantments. (MR+) [potion of mutation]
   195 | D        | Gained mutation: You tend to lose your temper in combat. [potion of mutation]
   195 | D        | Gained mutation: You evolve. [potion of mutation]
   195 | D        | Gained mutation: Armour fits poorly on your strangely shaped body. [potion of mutation]
   195 | D        | Gained mutation: You have a somewhat thin skeletal structure. (Dex +2, Stealth) [potion of mutation]
   196 | D        | Lost mutation: Armour fits poorly on your strangely shaped body. [potion of mutation]
   196 | D        | Lost mutation: You evolve. [potion of mutation]
   196 | D        | Gained mutation: Your magical capacity is low. (-10% MP) [potion of mutation]
   196 | D        | Gained mutation: You are partially covered in thin metallic scales. (AC +2) [potion of mutation]
   197 | D        | Lost mutation: Your magical capacity is low. (-10% MP) [potion of mutation]
   197 | D        | Gained mutation: You passively map a small area around you. [potion of mutation]
   197 | D        | Gained mutation: Scrolls take you a little longer to read. [potion of mutation]
   197 | D        | Gained mutation: Your system is resistant to poisons. (rPois) [potion of mutation]
   198 | D        | Lost mutation: You tend to lose your temper in combat. [potion of mutation]
   198 | D        | Lost mutation: You passively map a small area around you. [potion of mutation]
   198 | D        | Lost mutation: You are partially covered in thin metallic scales. (AC +2) [potion of mutation]
   198 | D        | Lost mutation: Scrolls take you a little longer to read. [potion of mutation]
   198 | D        | Gained mutation: Your mind is acute. (Int +2) [potion of mutation]
   198 | D        | Gained mutation: You occasionally shout uncontrollably at your foes. [potion of mutation]
   198 | D        | Gained mutation: Your muscles are strong. (Str +2) [potion of mutation]
   212 | D        | Killed a hellion
   216 | D        | Killed a white draconian scorcher
   374 | D        | Noticed a water elemental
   377 | D        | Killed a water elemental
   377 | D        | Reached skill level 7 in Spellcasting
   377 | D        | Reached skill level 5 in Fire Magic
   377 | D        | Reached XP level 4. HP: 23/27 MP: 9/15
   388 | D        | Learned a level 4 spell: Sticky Flame
   418 | D        | Found a radiant altar of Vehumet.
   419 | D        | Found a deep blue altar of Sif Muna.
   419 | D        | Found an ancient bone altar of Kikubaaqudgha.
   419 | D        | Noticed a wizard
   420 | D        | Killed a wizard
   420 | D        | Reached XP level 5. HP: 31/31 MP: 12/17
   422 | D        | Reached skill level 5 in Dodging
   429 | D        | Learned a level 5 spell: Fireball
   430 | D        | Became a worshipper of Vehumet
   482 | D        | Found a glowing silver altar of Zin.
   483 | D        | Found a glowing golden altar of the Shining One.
   483 | D        | Found a white marble altar of Elyvilon.
   483 | D        | Noticed a deep elf mage
   488 | D        | Killed a deep elf mage
   488 | D        | Reached skill level 10 in Spellcasting
   488 | D        | Reached skill level 5 in Conjurations
   488 | D        | Reached XP level 6. HP: 38/38 MP: 13/21
   488 | D        | Reached XP level 7. HP: 43/43 MP: 14/23
   497 | D        | Learned a level 3 spell: Mephitic Cloud
   537 | D        | Found an ornate altar of the Wu Jian Council.
   537 | D        | Found a roughly hewn altar of Beogh.
   537 | D        | Found an iron altar of Okawaru.
   537 | D        | Found a bloodstained altar of Trog.
   537 | D        | Found a hide-covered altar of Uskayaw.
   537 | D        | Noticed a human
   539 | D        | Noticed a human
   542 | D        | Killed a human
   542 | D        | Reached skill level 5 in Short Blades
   542 | D        | Reached skill level 11 in Spellcasting
   542 | D        | Reached skill level 1 in Air Magic
   542 | D        | Reached skill level 1 in Poison Magic
   545 | D        | Killed a human
   545 | D        | Reached * piety under Vehumet
   545 | D        | Offered knowledge of Sting by Vehumet.
   675 | D        | Found a basalt altar of Yredelemnul.
   675 | D        | Found a shadowy altar of Dithmenos.
   675 | D        | Found a sacrificial altar of Ru.
   678 | D        | Offered knowledge of Searing Ray by Vehumet.
   678 | D        | Reached skill level 5 in Armour
   734 | D        | Reached ** piety under Vehumet
   737 | D        | Noticed a shadow
   741 | D        | Killed a shadow
   741 | D        | Reached skill level 5 in Fighting
   741 | D        | Reached XP level 8. HP: 49/49 MP: 15/25
   792 | D        | Found a blossoming altar of Fedhas.
   792 | D        | Found a stormy altar of Qazlal.
   792 | D        | Found a snail-covered altar of Cheibriados.
   792 | D        | Found a burning altar of Makhleb.
   792 | D        | Found a shimmering altar of Xom.
   793 | D        | Found a hazy altar of Hepliaklqana.
   793 | D        | Found an opulent altar of Gozag.
   793 | D        | Found a sparkling altar of Nemelex Xobeh.
   793 | D        | Found a corrupted altar of Lugonu.
   793 | D        | Found a viscous altar of Jiyva.
   811 | D        | Reached skill level 12 in Spellcasting
   900 | D        | Offered knowledge of Throw Frost by Vehumet.
   903 | D        | Reached *** piety under Vehumet
   987 | D        | Noticed a two-headed ogre
   995 | D        | Killed a two-headed ogre
  1022 | D        | Killed a yaktaur
  1111 | D        | Noticed Erolcha
  1116 | D        | Mangled by a redback

Vault maps used:
D:        dungeon_sprint_mu

Skill      XL: |  1  2  3  4  5  6  7  8 |
---------------+-------------------------+-----
Spellcasting   | 5 7 10 11 12 | 12.6
Fighting       | 1 2 4 5 |  5.4
Armour         | 1 2 4 5 |  5.6
Dodging        | 3 4 6 7 8 |  8.3
Conjurations   | 2 3 4 5 6 7 |  7.4
Fire Magic     | 4 5 6 7 8 |  8.0
Short Blades   | 2 4 5 6 |  6.2
Air Magic      | 2 3 |  3.6
Poison Magic   | 3 4 |  4.2
Stealth        | |  2.4

Action                   |  1- 3 |  4- 6 |  7- 9 || total
-------------------------+-------+-------+-------++-------
Melee: Dagger            |     4 |     3 |     3 ||    10
 Cast: Flame Tongue      |    15 |       |    40 ||    55
       Throw Flame       |     2 |       |       ||     2
       Conjure Flame     |     1 |       |     6 ||     7
       Sticky Flame      |       |     3 |     3 ||     6
       Fireball          |       |       |     3 ||     3
       Mephitic Cloud    |       |       |     4 ||     4
  Use: Potion            |     5 |       |       ||     5
 Stab: Sleeping          |       |     1 |     1 ||     2
  Eat: Royal jelly       |       |       |     1 ||     1
Armor: Robe              |     4 |     1 |       ||     5
Dodge: Dodged            |     5 |     1 |     7 ||    13
